 Dungeon Crawl Stone Soup version 0.22-a0-855-g415d086bb8 (webtiles) character file.

292 LLavrengius the Shield-Bearer (level 6, 0/49 HPs)
             Began as a Formicid Fighter on July 26, 2018.
             Killed by divine providence
             ... invoked by an orc priest
              (17 damage)
             ... on level 4 of the Dungeon.
             The game lasted 00:08:20 (2567 turns).

LLavrengius the Shield-Bearer (Formicid Fighter)    Turns: 2567, Time: 00:08:21

Health: 0/49       AC:  9    Str: 22    XL:     6   Next: 59%
Magic:  6/6        EV:  9    Int:  8    God:
Gold:   165        SH: 10    Dex: 10    Spells: 5/5 levels left

rFire    . . .     SeeInvis +   a - +0 war axe
rCold    . . .     Gourm    .   c - +0 shield
rNeg     . . .     Faith    .   b - +0 scale mail
rPois    .         Spirit   .   (helmet unavailable)
rElec    .         Reflect  .   n - +0 cloak
rCorr    .         Harm     .   s - +0 pair of gloves
MR       .....                  (no boots)
Stlth    ..........             (no amulet)
HPRegen  0.16/turn              (no ring)
MPRegen  0.10/turn              (no ring)

@: no status effects
A: permanent stasis, dig shafts and tunnels, four strong arms, antennae 3
a: Dig, Shaft Self


You were on level 4 of the Dungeon.
You were hungry.

You visited 1 branch of the dungeon, and saw 4 of its levels.

You collected 165 gold pieces.

Inventory:

Hand Weapons
 a - a +0 war axe (weapon)
Missiles
 g - 82 stones (quivered)
 i - 69 bolts
 p - 2 needles of confusion
 u - 47 arrows
 w - 13 poisoned needles
 x - 6 javelins
Armour
 b - a +0 scale mail (worn)
 c - a +0 shield (worn)
 n - a +0 cloak (worn)
 s - a +0 pair of gloves (worn)
Jewellery
 r - an uncursed ring of poison resistance {unknown}
 v - a +3 ring of intelligence {unknown}
Scrolls
 j - 3 scrolls of teleportation {unknown}
 m - 8 scrolls of remove curse {unknown}
 o - 3 scrolls of identify {unknown}
 q - 2 scrolls of amnesia {unknown}
 t - a scroll of enchant armour {unknown}
Potions
 d - 2 potions of might
 e - 2 potions of curing {unknown}
 h - a potion of magic {unknown}
 k - 3 potions of lignification {unknown}
 l - 4 potions of heal wounds {unknown}
Comestibles
 f - 8 rations


   Skills:
 + Level 4.7 Fighting
 - Level 2.0 Axes
 - Level 3.2 Armour
 - Level 1.2 Dodging
 - Level 0.4 Stealth
 * Level 7.0 Shields


You had 5 spell levels left.
You didn't know any spells.
Your spell library was empty.

Dungeon Overview and Level Annotations

Branches:
Dungeon (4/15)
 Temple: D:4-7

Altars:
Ashenzari
Cheibriados
Elyvilon
Fedhas
Gozag
Nemelex Xobeh
Qazlal
Ru
Sif Muna


Innate Abilities, Weirdness & Mutations

You cannot be hasted, slowed, berserked, paralysed or teleported.
You can dig through walls and to a lower floor.
Your four strong arms can wield two-handed weapons with a shield.
You have a pair of large antennae on your head. (SInv)


Message History

The orc wizard seems to speed up.
The orc priest calls down the wrath of Beogh upon you.
Beogh smites you!
You barely miss the orc priest. You block the orc priest's attack.
An orc wizard comes into view. It is wielding a dagger.
You closely miss the orc priest.
The orc wizard shouts!
The orc priest calls down the wrath of Beogh upon you.
Pain shoots through your body!
You hit the orc priest.
The orc priest is moderately wounded.
The orc priest barely misses you. You block the orc priest's attack.
Your shield and scale mail prevent you from hitting the orc priest.
The orc priest is moderately wounded.
The orc priest closely misses you.
You barely miss the orc priest.
The orc priest is moderately wounded.
The orc priest mumbles some strange prayers to Beogh against you.
Beogh smites you!
You die...

#..........#
#...........#
#...........#
#...........##
##...........#
#...........#
#...........##
#.............
#...o@..^.#
#...o######
#....{#
##..o.# >....
#.....# ....$
#......# .....
#......# .....
........ .....
#.........
.....


You could see an orc priest, an orc wizard and an orc.

Vanquished Creatures
  A phantom (D:4)
  A centaur skeleton (D:4)
  A hound (D:4)
  Crazy Yiuf (D:2)
  A worker ant (D:4)
  4 adders
  A worm (D:4)
  A leopard gecko (D:2)
  An orc (D:3)
  A ball python (D:2)
  A giant cockroach (D:3)
  6 goblins
  6 hobgoblins
  3 jackals (D:3)
  3 quokkas
  7 bats
  3 frilled lizards
  6 kobolds
  8 rats
56 creatures vanquished.

Notes
Turn   | Place    | Note
-------+----------+-------------------------------------------
     0 | D:1      | LLavrengius the Formicid Fighter began the quest for the Orb.
     0 | D:1      | Reached XP level 1. HP: 18/18 MP: 1/1
   112 | D:1      | Reached XP level 2. HP: 25/25 MP: 2/2
   242 | D:1      | Reached skill level 4 in Shields
   722 | D:2      | Reached XP level 3. HP: 30/30 MP: 3/3
  1476 | D:2      | Found a runed door.
  1480 | D:2      | Noticed Crazy Yiuf
  1483 | D:2      | Killed Crazy Yiuf
  1483 | D:2      | Reached skill level 5 in Shields
  1483 | D:2      | Reached XP level 4. HP: 22/37 MP: 4/4
  1790 | D:3      | Found an opulent altar of Gozag.
  1805 | D:3      | Found a shattered altar of Ashenzari.
  1807 | D:3      | Found a white marble altar of Elyvilon.
  1815 | D:3      | Found a stormy altar of Qazlal.
  1853 | D:3      | Found a snail-covered altar of Cheibriados.
  1855 | D:3      | Found a sparkling altar of Nemelex Xobeh.
  1856 | D:3      | Found a sacrificial altar of Ru.
  1861 | D:3      | Found a deep blue altar of Sif Muna.
  2162 | D:3      | Reached XP level 5. HP: 42/42 MP: 5/5
  2186 | D:3      | Found a blossoming altar of Fedhas.
  2249 | D:4      | Reached skill level 6 in Shields
  2252 | D:4      | Noticed a phantom
  2280 | D:4      | Killed a phantom
  2280 | D:4      | Reached skill level 1 in Dodging
  2280 | D:4      | Reached XP level 6. HP: 36/49 MP: 6/6
  2429 | D:4      | Reached skill level 7 in Shields
  2567 | D:4      | Killed from afar by an orc priest

Vault maps used:
D:1:      lemuel_arrival_tunnels
D:2:      uniq_crazy_yiuf_cottage
D:3:      old_standard_altar, grunt_temple_overflow_open,
          fedhas_altar_fruit_tree
D:4:      grunt_dithmenos_shadows, uniq_pikel

Skill      XL: |  1  2  3  4  5  6 |
---------------+-------------------+-----
Shields        | 4 5 6 7 |  7.0
Fighting       | 4 |  4.7
Dodging        | 1 |  1.2
Axes           | |  2.0
Armour         | |  3.2
Stealth        | |  0.4

Action                   |  1- 3 |  4- 6 || total
-------------------------+-------+-------++-------
Melee: War axe           |   108 |    91 ||   199
  Eat: Chunk             |     2 |     3 ||     5
Armor: Scale mail        |    48 |    34 ||    82
Dodge: Dodged            |    35 |    38 ||    73
Block: Shield            |    65 |    63 ||   128

Table legend:
 A = Spawn XP
 B = Non-spawn XP
 C = Spawn XP percentage of total XP
 D = Spawn monster count
 E = Non-spawn monster count
 F = Spawn count percentage of total count
 G = Total turns spent on level
                    A         B        C        D         E        F      G
               +---------+---------+-------+---------+---------+-------+---------
         Total |       0 |     418 |   0.0 |       0 |      56 |   0.0 |  2567
               +---------+---------+-------+---------+---------+-------+---------
           D:1 |       0 |      19 |   0.0 |       0 |      13 |   0.0 |   463
           D:2 |       0 |      84 |   0.0 |       0 |      22 |   0.0 |  1266
           D:3 |       0 |      37 |   0.0 |       0 |      14 |   0.0 |   510
           D:4 |       0 |     278 |   0.0 |       0 |       7 |   0.0 |   328
               +---------+---------+-------+---------+---------+-------+---------
